| TOP OF THE 1ST |
|
Orem Owlz batting - Pitching for Great Falls Voyagers : RHP Mark Fedor
|
|
Pitching: RHP Mark Fedor
|
|
|
Batting: RHB Brian Spry
|
0-0: Foul Ball, location: 2F 0-1: Ball 1-1: Foul Ball, location: 2F 1-2: SINGLE (Line Drive, 4D, EV 101.9 MPH)
|
|
Batting: RHB Fred Saxton
|
0-0: Hit by Pitch Brian Spry to second
|
|
Batting: RHB Daniel Molina
|
0-0: Called Strike 0-1: Ball 1-1: Foul Ball, location: 2F 1-2: Foul Ball, location: 2F 1-2: SINGLE (Groundball, 5S, EV 65.6 MPH) (infield hit) Brian Spry to third Fred Saxton to second
|
|
Batting: LHB David Coatney
|
0-0: Ball 1-0: Swinging Strike 1-1: Called Strike 1-2: Fielders Choice at 2nd, 3-6 (Groundball, 34S, EV 83.1 MPH) Brian Spry scores Fred Saxton to third
|
|
Batting: SHB Manuel Martinez
|
0-0: Ball 1-0: Swinging Strike 1-1: Called Strike David Coatney is caught stealing 2nd base 2-6 1-2: Ball 2-2: Strikes out swinging
|
| Top of the 1st over - 1 run, 2 hits, 0 errors, 1 left on base; Orem 1 - Great Falls 0 |
| BOTTOM OF THE 1ST |
|
Great Falls Voyagers batting - Pitching for Orem Owlz : LHP Aqissiaq Storch
|
|
Pitching: LHP Aqissiaq Storch
|
|
|
Batting: RHB Andy Cotton
|
0-0: Ball 1-0: Foul Ball, location: 2F 1-1: Foul Ball, location: 2F 1-2: Foul Ball, location: 2F 1-2: Foul Ball, location: 2F 1-2: Fly out, F9 (Flyball, 9, EV 93.8 MPH)
|
|
Batting: RHB Mitch Cuadros
|
0-0: Called Strike 0-1: Ball 1-1: Ball 2-1: Ball 3-1: Base on Balls
|
|
Batting: RHB Jake Feinstein
|
0-0: Ball Wild Pitch! Mitch Cuadros to second 1-0: Ball 2-0: Foul Ball, location: 2F 2-1: Foul Ball, location: 2F 2-2: Foul Ball, location: 2F 2-2: Foul Ball, location: 2F 2-2: Foul Ball, location: 2F 2-2: Ground out 6-3 (Groundball, 6, EV 88.8 MPH)
|
|
Batting: RHB Billy Grubbs
|
0-0: Ball 1-0: Foul Ball, location: 2F 1-1: Ball 2-1: Ball 3-1: SINGLE (Groundball, 56S, EV 68.8 MPH) (infield hit) Mitch Cuadros to third
|
|
Batting: RHB Brad Adams Jr.
|
0-0: Ball 1-0: Fielders Choice at 2nd, 5-4 (Groundball, 56, EV 81.2 MPH)
|
| Bottom of the 1st over - 0 runs, 1 hit, 0 errors, 2 left on base; Orem 1 - Great Falls 0 |
| TOP OF THE 2ND |
|
Orem Owlz batting - Pitching for Great Falls Voyagers : RHP Mark Fedor
|
|
Batting: RHB Brendan Garoutte
|
0-0: Ball 1-0: Ball 2-0: Ball 3-0: Called Strike 3-1: Foul Ball, location: 2F 3-2: Strikes out looking
|
|
Batting: RHB Jesse Sargent
|
0-0: Called Strike 0-1: Called Strike 0-2: Ground out 4-3 (Groundball, 4, EV 80.6 MPH)
|
|
Batting: LHB Bill Girton
|
0-0: Ball 1-0: SINGLE (Groundball, 34D, EV 101.9 MPH)
|
|
Batting: RHB Steve Neely
|
0-0: Called Strike 0-1: Ground out 4-3 (Groundball, 34, EV 83.1 MPH)
|
| Top of the 2nd over - 0 runs, 1 hit, 0 errors, 1 left on base; Orem 1 - Great Falls 0 |
| BOTTOM OF THE 2ND |
|
Great Falls Voyagers batting - Pitching for Orem Owlz : LHP Aqissiaq Storch
|
|
Batting: RHB Enrique Gomez
|
0-0: Called Strike 0-1: Foul Ball, location: 2F 0-2: Fly out, F9 (Flyball, 89M, EV 93.1 MPH)
|
|
Batting: RHB Bill Stern
|
0-0: Ball 1-0: Ball 2-0: Called Strike 2-1: Ball 3-1: Called Strike 3-2: Fly out, F3 (Popup, 3SF, EV 80.6 MPH)
|
|
Batting: RHB David Cortez
|
0-0: Foul Ball, location: 2F 0-1: Ball 1-1: Foul Ball, location: 2F 1-2: Foul Ball, location: 2F 1-2: Strikes out swinging
|
| Bottom of the 2nd over - 0 runs, 0 hits, 0 errors, 0 left on base; Orem 1 - Great Falls 0 |
| TOP OF THE 3RD |
|
Orem Owlz batting - Pitching for Great Falls Voyagers : RHP Mark Fedor
|
|
Batting: RHB Brian Spry
|
0-0: Ball 1-0: Ball 2-0: Ball 3-0: Called Strike 3-1: Foul Ball, location: 2F 3-2: Strikes out looking
|
|
Batting: RHB Fred Saxton
|
0-0: Fly out, F7 (Flyball, 7LS, EV 78.8 MPH)
|
|
Batting: RHB Daniel Molina
|
0-0: Ground out 6-3 (Groundball, 6, EV 86.2 MPH)
|
| Top of the 3rd over - 0 runs, 0 hits, 0 errors, 0 left on base; Orem 1 - Great Falls 0 |
| BOTTOM OF THE 3RD |
|
Great Falls Voyagers batting - Pitching for Orem Owlz : LHP Aqissiaq Storch
|
|
Batting: RHB Dave Dominguez
|
0-0: Foul Ball, location: 2F 0-1: Foul Ball, location: 2F 0-2: Foul Ball, location: 2F 0-2: Ball 1-2: Strikes out swinging
|
|
Batting: RHB Andy Cotton
|
0-0: Ball 1-0: Hit by Pitch
|
|
Batting: RHB Mitch Cuadros
|
0-0: Called Strike 0-1: Ball 1-1: Ball 2-1: Foul Ball, location: 2F 2-2: Foul Ball, location: 2F 2-2: Ground out 5-3 (Groundball, 5S, EV 66.2 MPH) Andy Cotton to second
|
|
Batting: RHB Jake Feinstein
|
0-0: Called Strike 0-1: Foul Ball, location: 2F 0-2: Strikes out swinging
|
| Bottom of the 3rd over - 0 runs, 0 hits, 0 errors, 1 left on base; Orem 1 - Great Falls 0 |
| TOP OF THE 4TH |
|
Orem Owlz batting - Pitching for Great Falls Voyagers : RHP Mark Fedor
|
|
Batting: LHB David Coatney
|
0-0: Ball 1-0: Called Strike 1-1: Foul Ball, location: 2F 1-2: Foul Ball, location: 2F 1-2: Foul Ball, location: 2F 1-2: Ball 2-2: Foul Ball, location: 2F 2-2: Fly out, F8 (Flyball, 8LD, EV 107.5 MPH)
|
|
Batting: SHB Manuel Martinez
|
0-0: Ball 1-0: Ball 2-0: Ball 3-0: Foul Ball, location: 2F 3-1: Base on Balls
|
|
Batting: RHB Brendan Garoutte
|
0-0: Called Strike 0-1: SINGLE (Groundball, 56D, EV 104.4 MPH) Manuel Martinez to second
|
|
Batting: RHB Jesse Sargent
|
0-0: Ball 1-0: Ball 2-0: Ball 3-0: Called Strike 3-1: Called Strike 3-2: Foul Ball, location: 2F 3-2: SINGLE (Line Drive, 6M, EV 99.4 MPH) Manuel Martinez to third Brendan Garoutte to second
|
|
Batting: LHB Bill Girton
|
0-0: Ball 1-0: Called Strike 1-1: Called Strike 1-2: Ball 2-2: Fly out, F7 (Line Drive, 78S, EV 95.0 MPH)
|
|
Batting: RHB Steve Neely
|
0-0: Foul Ball, location: 2F 0-1: Called Strike 0-2: Ball 1-2: Fly out, F8 (Flyball, 78XD, EV 88.1 MPH)
|
| Top of the 4th over - 0 runs, 2 hits, 0 errors, 3 left on base; Orem 1 - Great Falls 0 |
| BOTTOM OF THE 4TH |
|
Great Falls Voyagers batting - Pitching for Orem Owlz : LHP Aqissiaq Storch
|
|
Batting: RHB Billy Grubbs
|
0-0: Called Strike 0-1: Foul Ball, location: 2F 0-2: Ball 1-2: Strikes out looking
|
|
Batting: RHB Brad Adams Jr.
|
0-0: Called Strike 0-1: Ball 1-1: Foul Ball, location: 2F 1-2: Fly out, F4 (Flyball, 34D, EV 90.0 MPH)
|
|
Batting: RHB Enrique Gomez
|
0-0: Ball 1-0: Foul Ball, location: 2F 1-1: Ball 2-1: Ball 3-1: SINGLE (Groundball, 6MD, EV 103.8 MPH) (infield hit)
|
|
Batting: RHB Bill Stern
|
0-0: Called Strike 0-1: Ball 1-1: Ground out 4-3 (Groundball, 4, EV 84.4 MPH)
|
| Bottom of the 4th over - 0 runs, 1 hit, 0 errors, 1 left on base; Orem 1 - Great Falls 0 |
| TOP OF THE 5TH |
|
Orem Owlz batting - Pitching for Great Falls Voyagers : RHP Mark Fedor
|
|
Batting: RHB Brian Spry
|
0-0: Ball 1-0: SINGLE (Groundball, 25, EV 65.0 MPH) (infield hit)
|
|
Batting: RHB Fred Saxton
|
0-0: Ball 1-0: Fly out, F8 (Line Drive, 78S, EV 110.6 MPH)
|
|
Batting: RHB Daniel Molina
|
0-0: Ball 1-0: Grounds into double play, 5-4-3 (Groundball, 56, EV 101.9 MPH)
|
| Top of the 5th over - 0 runs, 1 hit, 0 errors, 0 left on base; Orem 1 - Great Falls 0 |
| BOTTOM OF THE 5TH |
|
Great Falls Voyagers batting - Pitching for Orem Owlz : LHP Aqissiaq Storch
|
|
Batting: RHB David Cortez
|
0-0: Ball 1-0: Ball 2-0: Ground out 5-3 (Groundball, 56S, EV 65.6 MPH)
|
|
Batting: RHB Dave Dominguez
|
0-0: Called Strike 0-1: Called Strike 0-2: Ball 1-2: Foul Ball, location: 2F 1-2: Strikes out looking
|
|
Batting: RHB Andy Cotton
|
0-0: Ball 1-0: Called Strike 1-1: Foul Ball, location: 2F 1-2: Ground out 5-3 (Groundball, 56S, EV 86.2 MPH)
|
| Bottom of the 5th over - 0 runs, 0 hits, 0 errors, 0 left on base; Orem 1 - Great Falls 0 |
| TOP OF THE 6TH |
|
Orem Owlz batting - Pitching for Great Falls Voyagers : RHP Mark Fedor
|
|
Batting: LHB David Coatney
|
0-0: SINGLE (Line Drive, 7LS, EV 107.5 MPH)
|
|
Batting: SHB Manuel Martinez
|
0-0: Ball 1-0: Ball 2-0: Called Strike 2-1: Ball 3-1: Called Strike 3-2: Foul Ball, location: 2F 3-2: Foul Ball, location: 2F 3-2: Foul Ball, location: 2F 3-2: Base on Balls David Coatney to second
|
|
Batting: RHB Brendan Garoutte
|
0-0: Ball 1-0: Ball 2-0: Ball 3-0: Called Strike 3-1: Base on Balls David Coatney to third Manuel Martinez to second
|
|
Pitching: RHP Ben Robertson
|
|
|
Batting: RHB Jesse Sargent
|
0-0: DOUBLE (Groundball, 5L, EV 102.5 MPH) David Coatney scores Manuel Martinez scores Brendan Garoutte to third
|
|
Batting: LHB Bill Girton
|
0-0: Intentional Walk
|
|
Pinch Hitting: SHB Cesar Carrasquillo
|
0-0: Called Strike 0-1: Foul Ball, location: 2F 0-2: Ball 1-2: Ball 2-2: Ball 3-2: Base on Balls Brendan Garoutte scores Jesse Sargent to third Bill Girton to second
|
|
Batting: RHB Brian Spry
|
0-0: Swinging Strike 0-1: Ball 1-1: Swinging Strike 1-2: Ball 2-2: Foul Ball, location: 2F 2-2: Strikes out swinging
|
|
Batting: RHB Fred Saxton
|
0-0: SINGLE (Groundball, 56, EV 86.9 MPH) (infield hit) Jesse Sargent scores Bill Girton to third Cesar Carrasquillo to second
|
|
Batting: RHB Daniel Molina
|
0-0: Called Strike 0-1: Ball 1-1: Ball 2-1: SINGLE (Groundball, 34D, EV 93.8 MPH) Bill Girton scores Cesar Carrasquillo to third Fred Saxton to second
|
|
Batting: LHB David Coatney
|
0-0: Grounds into fielders choice 1-2 (Groundball, 13S, EV 71.2 MPH) Fred Saxton to third Daniel Molina to second
|
|
Batting: SHB Manuel Martinez
|
0-0: Foul Ball, location: 2F 0-1: Ball 1-1: SINGLE (Groundball, 4MD, EV 94.4 MPH) Fred Saxton scores Daniel Molina to third David Coatney to second
|
|
Batting: RHB Brendan Garoutte
|
0-0: SINGLE (Line Drive, 8LS, EV 93.8 MPH) Daniel Molina scores David Coatney to third Manuel Martinez to second Runner from 3rd tries for Home, throw by CF and OUT! 8-2
|
| Top of the 6th over - 7 runs, 6 hits, 0 errors, 2 left on base; Orem 8 - Great Falls 0 |
| BOTTOM OF THE 6TH |
|
Great Falls Voyagers batting - Pitching for Orem Owlz : LHP Aqissiaq Storch
|
|
Pitching: RHP Jim Sawicki
|
|
|
Now in CF: Carlos Gonzales
|
|
|
Batting: RHB Mitch Cuadros
|
0-0: Foul Ball, location: 2F 0-1: Hit by Pitch
|
|
Batting: RHB Jake Feinstein
|
0-0: Ball 1-0: Ball 2-0: Ball 3-0: Base on Balls Mitch Cuadros to second
|
|
Batting: RHB Billy Grubbs
|
0-0: Swinging Strike 0-1: Ball 1-1: Ball 2-1: Ball 3-1: Called Strike 3-2: Strikes out looking
|
|
Batting: RHB Brad Adams Jr.
|
0-0: Ball 1-0: Fielders Choice at 2nd, 3-6 (Groundball, 34, EV 90.6 MPH) Mitch Cuadros to third
|
|
Batting: RHB Enrique Gomez
|
0-0: Called Strike 0-1: Swinging Strike 0-2: Ball 1-2: Strikes out swinging
|
| Bottom of the 6th over - 0 runs, 0 hits, 0 errors, 2 left on base; Orem 8 - Great Falls 0 |
| TOP OF THE 7TH |
|
Orem Owlz batting - Pitching for Great Falls Voyagers : RHP Ben Robertson
|
|
Batting: RHB Jesse Sargent
|
0-0: Ball 1-0: Foul Ball, location: 2F 1-1: Foul Ball, location: 2F 1-2: Ball 2-2: Strikes out swinging
|
|
Batting: LHB Bill Girton
|
0-0: Called Strike 0-1: Ball 1-1: Ground out 4-3 (Groundball, 4, EV 78.8 MPH)
|
|
Batting: RHB Carlos Gonzales
|
0-0: Swinging Strike 0-1: Swinging Strike 0-2: Ball 1-2: Ball 2-2: Ball 3-2: Strikes out swinging
|
| Top of the 7th over - 0 runs, 0 hits, 0 errors, 0 left on base; Orem 8 - Great Falls 0 |
| BOTTOM OF THE 7TH |
|
Great Falls Voyagers batting - Pitching for Orem Owlz : RHP Jim Sawicki
|
|
Batting: RHB Bill Stern
|
0-0: Called Strike 0-1: Ball 1-1: Ball 2-1: Ground out 5-3 (Groundball, 5, EV 98.8 MPH)
|
|
Pitching: RHP Dean Aspden
|
|
|
Batting: RHB David Cortez
|
0-0: Called Strike 0-1: Swinging Strike 0-2: Strikes out swinging
|
|
Batting: RHB Dave Dominguez
|
0-0: Ball 1-0: Ground out 5-3 (Groundball, 5, EV 103.1 MPH)
|
| Bottom of the 7th over - 0 runs, 0 hits, 0 errors, 0 left on base; Orem 8 - Great Falls 0 |
| TOP OF THE 8TH |
|
Orem Owlz batting - Pitching for Great Falls Voyagers : RHP Ben Robertson
|
|
Batting: RHB Brian Spry
|
0-0: Called Strike 0-1: Ball 1-1: Foul Ball, location: 2F 1-2: SINGLE (Groundball, 4M, EV 101.9 MPH) (infield hit)
|
|
Pitching: RHP Brian Bronson
|
|
|
Batting: RHB Fred Saxton
|
0-0: Called Strike Brian Spry steals 2nd base 0-1: Fly out, F7 (Flyball, 7LS, EV 90.6 MPH)
|
|
Batting: RHB Daniel Molina
|
0-0: Foul Ball, location: 2F 0-1: Ball 1-1: DOUBLE (Line Drive, 9LM, EV 100.6 MPH) Brian Spry scores
|
|
Pinch Hitting: LHB Kevin Feldman
|
0-0: Ball 1-0: Ball 2-0: Ball 3-0: Called Strike 3-1: Called Strike 3-2: Base on Balls
|
|
Batting: SHB Manuel Martinez
|
0-0: Foul Ball, location: 2F 0-1: Ball 1-1: Ball 2-1: Fielders Choice at 2nd, 6-4 (Groundball, 6S, EV 91.9 MPH) Daniel Molina to third
|
|
Batting: RHB Brendan Garoutte
|
0-0: Ball 1-0: Ball Wild Pitch! Daniel Molina scores Manuel Martinez to second 2-0: Ball 3-0: Called Strike 3-1: Ground out 6-3 (Groundball, 6, EV 87.5 MPH)
|
| Top of the 8th over - 2 runs, 2 hits, 0 errors, 1 left on base; Orem 10 - Great Falls 0 |
| BOTTOM OF THE 8TH |
|
Great Falls Voyagers batting - Pitching for Orem Owlz : RHP Dean Aspden
|
|
Now in LF: Kevin Feldman
|
|
|
Batting: RHB Andy Cotton
|
0-0: Foul Ball, location: 2F 0-1: Called Strike 0-2: Fly out, F9 (Flyball, 9S, EV 87.5 MPH)
|
|
Batting: RHB Mitch Cuadros
|
0-0: Ball 1-0: Called Strike 1-1: Ball 2-1: Ground out 6-3 (Groundball, 4M, EV 99.4 MPH)
|
|
Batting: RHB Jake Feinstein
|
0-0: Ball 1-0: Called Strike 1-1: Swinging Strike 1-2: SOLO HOME RUN (Flyball, 7D, EV 99.4 MPH), Distance : 378 ft
|
|
Batting: RHB Billy Grubbs
|
0-0: Ball 1-0: Ball 2-0: Ground out 6-3 (Groundball, 6M, EV 88.8 MPH)
|
| Bottom of the 8th over - 1 run, 1 hit, 0 errors, 0 left on base; Orem 10 - Great Falls 1 |
| TOP OF THE 9TH |
|
Orem Owlz batting - Pitching for Great Falls Voyagers : RHP Brian Bronson
|
|
Batting: RHB Jesse Sargent
|
0-0: Ball 1-0: Called Strike 1-1: Swinging Strike 1-2: Foul Ball, location: 2F 1-2: Strikes out swinging
|
|
Batting: LHB Bill Girton
|
0-0: Called Strike 0-1: Ball 1-1: Foul Ball, location: 2F 1-2: Ball 2-2: Ball 3-2: Foul Ball, location: 2F 3-2: Base on Balls
|
|
Pitching: RHP Frank Lankford
|
|
|
Batting: RHB Carlos Gonzales
|
0-0: SINGLE (Flyball, 7S, EV 85.0 MPH) Bill Girton to second
|
|
Batting: RHB Brian Spry
|
0-0: Called Strike 0-1: Ball 1-1: Ball 2-1: Foul Ball, location: 2F 2-2: Foul Ball, location: 2F 2-2: Fielders Choice at 2nd, 3-6 (Groundball, 34, EV 110.0 MPH) Bill Girton to third
|
|
Batting: RHB Fred Saxton
|
0-0: 3-RUN HOME RUN (Flyball, 9D, EV 95.0 MPH), Distance : 364 ft
|
|
Batting: RHB Daniel Molina
|
0-0: Called Strike 0-1: Ball 1-1: Foul Ball, location: 2F 1-2: Foul Ball, location: 2F 1-2: Hit by Pitch
|
|
Batting: LHB Kevin Feldman
|
0-0: Foul Ball, location: 2F 0-1: Fly out, F9 (Flyball, 89S, EV 90.0 MPH)
|
| Top of the 9th over - 3 runs, 2 hits, 0 errors, 1 left on base; Orem 13 - Great Falls 1 |
| BOTTOM OF THE 9TH |
|
Great Falls Voyagers batting - Pitching for Orem Owlz : RHP Dean Aspden
|
|
Batting: RHB Brad Adams Jr.
|
0-0: Ball 1-0: Ball 2-0: Foul Ball, location: 2F 2-1: Ball 3-1: Called Strike 3-2: Ground out 4-3 (Groundball, 13, EV 89.4 MPH)
|
|
Batting: RHB Enrique Gomez
|
0-0: Called Strike 0-1: Ball 1-1: Swinging Strike 1-2: Foul Ball, location: 2F 1-2: Ball 2-2: Foul Ball, location: 2F 2-2: Strikes out swinging
|
|
Batting: RHB Bill Stern
|
0-0: Ball 1-0: Called Strike 1-1: Ball 2-1: Foul Ball, location: 2F 2-2: Foul Ball, location: 2F 2-2: Ground out U3 (Groundball, 34, EV 87.5 MPH)
|
| Bottom of the 9th over - 0 runs, 0 hits, 0 errors, 0 left on base; Orem 13 - Great Falls 1 |
|